[ AOE2 MATCH · #505310889 ]
UnrankedPersians vs Wu
Player's team · LOSS
Rival team · WIN
[ REPLAY ANALYSIS · EXTRACTED FROM THE RECORDED GAME ]
Feudal
25:29
Castle
—
Imperial
—
| APM avg | 50.1 |
| APM peak | 145 |
| eAPM avg | 13.5 |
| Villagers / military | 55 / 0 |
Focus
⚔️ 20.7% · 🌾 79.3%
Feudal
10:31
Castle
—
Imperial
—
| APM avg | 43.3 |
| APM peak | 91 |
| eAPM avg | 13.4 |
| Villagers / military | 24 / 21 |
Focus
⚔️ 26.3% · 🌾 73.7%
Archer ×21
Match map
Initial resources + every placement click. Lines = walls · curves = elevation contours. ◆ gold · ⬟ stone · ● berries · ✦ relic · ◌ wall gap
Your base· Open — unwalled flank
hitman_aoe's base· Open — unwalled flank
Smoothed initial terrain · ◌ = detected wall gap · hover for details
Inputs per minute
— kim.henrik.himanen123 - - hitman_aoe
Build order — kim.henrik.himanen123
88 actions detected in the replay
| 0:00 | Queue | Villager (Male) ×5 |
| 0:01 | Queue | Villager (Male) ×5 |
| 0:01 | Build | House |
| 0:02 | Build | House |
| 1:25 | Build | Lumber Camp |
| 1:32 | Queue | Villager (Male) |
| 1:32 | Queue | Villager (Male) |
| 2:10 | Queue | Villager (Male) |
| 2:11 | Queue | Villager (Male) |
| 2:47 | Queue | Villager (Male) ×2 |
| 3:29 | Queue | Villager (Male) ×2 |
| 3:57 | Queue | Villager (Male) |
| 4:31 | Queue | Villager (Male) |
| 4:32 | Queue | Villager (Male) |
| 4:50 | Research | Loom |
| 6:03 | Build | Town Center |
| 6:19 | Build | Palisade Wall |
| 6:20 | Build | Palisade Wall |
| 7:39 | Queue | Villager (Male) ×3 |
| 7:53 | Build | Mill |
| 8:50 | Build | House |
| 8:56 | Queue | Villager (Male) |
| 9:11 | Queue | Villager (Male) |
| 9:46 | Build | House |
| 9:48 | Queue | Villager (Male) |
| 9:49 | Queue | Villager (Male) |
| 10:22 | Queue | Villager (Male) |
| 10:23 | Queue | Villager (Male) |
| 11:03 | Queue | Villager (Male) ×2 |
| 11:19 | Build | Palisade Wall |
| 11:21 | Build | Palisade Wall |
| 11:24 | Queue | Villager (Male) |
| 11:25 | Build | Palisade Wall |
| 11:59 | Build | Palisade Wall |
| 12:08 | Queue | Villager (Male) |
| 12:08 | Queue | Villager (Male) |
| 12:29 | Queue | Villager (Male) |
| 13:13 | Build | Palisade Wall |
| 13:23 | Queue | Villager (Male) |
| 13:43 | Queue | Villager (Male) |
| 13:46 | Build | House |
| 14:24 | Queue | Villager (Male) |
| 14:24 | Queue | Villager (Male) |
| 15:11 | Queue | Villager (Male) |
| 15:17 | Build | Palisade Wall |
| 15:22 | Build | Palisade Wall |
| 15:22 | Build | Palisade Wall |
| 15:23 | Build | Palisade Wall |
| 15:23 | Build | Palisade Wall |
| 15:24 | Build | Palisade Wall |
| 15:26 | Build | Palisade Wall |
| 15:28 | Build | Palisade Wall |
| 15:30 | Build | Palisade Wall |
| 15:33 | Queue | Villager (Male) |
| 15:37 | Build | Palisade Wall |
| 16:18 | Queue | Villager (Male) |
| 16:18 | Queue | Villager (Male) |
| 17:06 | Queue | Villager (Male) |
| 17:37 | Build | Mill |
| 17:45 | Queue | Villager (Male) |
| 18:08 | Queue | Villager (Male) |
| 18:31 | Queue | Villager (Male) |
| 18:57 | Queue | Villager (Male) ×2 |
| 20:09 | Queue | Villager (Male) ×5 |
| 20:36 | Build | Palisade Gate |
| 21:50 | Build | Mill |
| 21:50 | Build | Farm |
| 21:51 | Build | Farm |
| 21:51 | Build | Farm |
| 21:51 | Build | Farm |
| 21:51 | Build | Farm |
| 21:51 | Build | Farm |
| 21:52 | Build | Farm |
| 21:55 | Build | Farm |
| 22:53 | Build | Lumber Camp |
| 23:25 | Research | Feudal Age |
| 24:05 | Build | Mill |
| 24:06 | Build | Farm |
| 24:06 | Build | Farm |
| 24:06 | Build | Farm |
| 24:06 | Build | Farm |
| 24:07 | Build | Farm |
| 24:07 | Build | Farm |
| 24:07 | Build | Farm |
| 24:35 | Build | Farm |
| 24:35 | Build | Farm |
| 24:36 | Build | Farm |
| 25:29 | Age | Feudal Age |
Build order — hitman_aoe
78 actions detected in the replay
| 0:00 | Queue | Villager (Male) |
| 0:01 | Queue | Villager (Male) |
| 0:02 | Build | House |
| 0:04 | Build | House |
| 0:12 | Build | House |
| 0:27 | Queue | Villager (Male) |
| 0:27 | Queue | Villager (Male) |
| 0:27 | Queue | Villager (Male) |
| 1:23 | Queue | Villager (Male) |
| 1:47 | Build | Lumber Camp |
| 2:04 | Queue | Villager (Male) |
| 2:04 | Queue | Villager (Male) |
| 2:22 | Queue | Villager (Male) |
| 2:48 | Queue | Villager (Male) |
| 3:20 | Queue | Villager (Male) |
| 3:20 | Queue | Villager (Male) |
| 3:37 | Queue | Villager (Male) |
| 3:37 | Queue | Villager (Male) |
| 3:51 | Queue | Villager (Male) |
| 4:24 | Queue | Villager (Male) |
| 4:24 | Queue | Villager (Male) |
| 4:57 | Queue | Villager (Male) |
| 5:14 | Build | Barracks |
| 5:38 | Queue | Villager (Male) |
| 5:38 | Queue | Villager (Male) |
| 6:36 | Research | Loom |
| 7:42 | Queue | Villager (Male) |
| 8:21 | Research | Feudal Age |
| 10:31 | Build | Mining Camp |
| 10:31 | Age | Feudal Age |
| 10:34 | Build | Archery Range |
| 10:43 | Research | Double-Bit Axe |
| 11:01 | Queue | Villager (Male) |
| 11:43 | Queue | Archer |
| 11:58 | Build | Palisade Wall |
| 12:04 | Build | Palisade Wall |
| 12:08 | Build | House |
| 12:40 | Build | Lumber Camp |
| 12:55 | Queue | Archer |
| 13:14 | Build | House |
| 13:35 | Build | House |
| 14:10 | Build | House |
| 14:13 | Build | Archery Range |
| 14:23 | Build | Palisade Wall |
| 14:24 | Build | Palisade Wall |
| 14:28 | Build | Palisade Wall |
| 14:39 | Build | House |
| 14:44 | Build | House |
| 14:59 | Queue | Archer |
| 14:59 | Queue | Archer |
| 15:06 | Build | House |
| 15:37 | Queue | Archer |
| 15:59 | Build | Blacksmith |
| 16:31 | Queue | Archer |
| 16:41 | Research | Fletching |
| 17:42 | Queue | Archer |
| 18:13 | Queue | Archer |
| 19:14 | Queue | Archer |
| 19:50 | Build | Town Center |
| 20:24 | Queue | Archer |
| 20:24 | Queue | Archer |
| 21:21 | Queue | Archer |
| 21:21 | Queue | Archer |
| 22:03 | Queue | Archer |
| 22:37 | Queue | Villager (Male) |
| 22:37 | Queue | Villager (Male) |
| 23:17 | Build | Outpost |
| 23:18 | Build | Outpost |
| 23:20 | Build | Outpost |
| 23:22 | Build | Outpost |
| 23:29 | Queue | Archer |
| 23:29 | Queue | Archer |
| 24:19 | Build | Mill |
| 24:32 | Queue | Archer |
| 24:32 | Queue | Archer |
| 24:41 | Queue | Archer |
| 25:30 | Queue | Archer |
| 25:30 | Queue | Archer |
Match timeline
| 5:14 | hitman_aoe · first_building Barracks |
| 6:19 | kim.henrik.himanen123 · wall_segment Palisade Wall x1 |
| 6:20 | kim.henrik.himanen123 · wall_segment Palisade Wall x1 |
| 10:31 | hitman_aoe · age_up feudal |
| 10:34 | hitman_aoe · first_building Archery Range |
| 11:19 | kim.henrik.himanen123 · wall_segment Palisade Wall x1 |
| 11:21 | kim.henrik.himanen123 · wall_segment Palisade Wall x1 |
| 11:25 | kim.henrik.himanen123 · wall_segment Palisade Wall x1 |
| 11:58 | hitman_aoe · wall_segment Palisade Wall x1 |
| 11:59 | kim.henrik.himanen123 · wall_segment Palisade Wall x1 |
| 12:04 | hitman_aoe · wall_segment Palisade Wall x1 |
| 13:13 | kim.henrik.himanen123 · wall_segment Palisade Wall x4 |
| 14:23 | hitman_aoe · wall_segment Palisade Wall x1 |
| 14:24 | hitman_aoe · wall_segment Palisade Wall x1 |
| 14:28 | hitman_aoe · wall_segment Palisade Wall x1 |
| 15:17 | kim.henrik.himanen123 · wall_segment Palisade Wall x1 |
| 15:22 | kim.henrik.himanen123 · wall_segment Palisade Wall x1 |
| 15:22 | kim.henrik.himanen123 · wall_segment Palisade Wall x1 |
| 15:23 | kim.henrik.himanen123 · wall_segment Palisade Wall x1 |
| 15:23 | kim.henrik.himanen123 · wall_segment Palisade Wall x1 |
| 15:24 | kim.henrik.himanen123 · wall_segment Palisade Wall x1 |
| 15:26 | kim.henrik.himanen123 · wall_segment Palisade Wall x1 |
| 15:28 | kim.henrik.himanen123 · wall_segment Palisade Wall x1 |
| 15:30 | kim.henrik.himanen123 · wall_segment Palisade Wall x1 |
| 15:37 | kim.henrik.himanen123 · wall_segment Palisade Wall x1 |
| 25:29 | kim.henrik.himanen123 · age_up feudal |
| 25:55 | kim.henrik.himanen123 · resign |
[ AI ANALYSIS · 1 CREDIT ]
What really happened in this match?
Wolo.gg analyzes every decision: build order, eco, micro, common mistakes by bracket. Personalized analysis on WhatsApp or Discord in 30 seconds.
Civ guide
Persians
Perfil
Jugador #25475928